cohdb
Replays
Latest Replays
All Replays
Popular Replays
Top Player Replays
Match Explorer
How It Works
Community
CoH3 Stats
Reddit
Sign in to upload your games and track your stats! →
Sign in with Steam
Match 43255969
Unlisted
Match 43255969
Overview
Messages
Build Orders
End
Kradschützen Motorcycle Team
Selects Armored Support Battlegroup
Panzergrenadier Squad
Panzergrenadier Squad
Panzerpioneer Squad
Selects Superior Fire Drills
Construct Light Support Kompanie
Construct Mechanized Kompanie
8 Rad Armored Car
Panzerjäger Mechanized Group
Vehicle Survival Package
Selects Flammpanzer III Medium Tank
Flammpanzer III Medium Tank
Grongolock
In The Sky
0
0
Comments
sign in to comment!
No comments posted yet!